 Dungeon Sprint DCSS version 0.18-b1-16-g289874d (webtiles) character file.

23 Ponchio the Charlatan (level 2, -11/17 HPs)
             Began as a High Elf Fire Elementalist on May 1, 2016.
             Was an Initiate of Vehumet.
             Mangled by a halberd of venom (20 damage)
             ... in the Dungeon (Sprint V: "Ziggurat Sprint").
             The game lasted 00:03:47 (204 turns).

Ponchio the Charlatan (High Elf Fire Elementalist)   Turns: 204, Time: 00:03:48

Health: -11/17     AC: 25    Str:  7    XL:     2   Next: 75%
Magic:  13/13      EV: -1    Int: 36    God:    Vehumet [......]
Gold:   0          SH:  0    Dex: 15    Spells: 1 memorised, 6 levels left

rFire  . . .     SeeInvis .     I - +6 Majin-Bo {vamp, Archmagi MP+6 Int+6}
rCold  . . .     Gourm    .     J - +15 Maxwell's patent armour {-Cast -Tele rElec MR+ rCorr}
rNeg   . . .     Faith    .     (shield currently unavailable)
rPois  .         Spirit   .     (no helmet)
rElec  +         Dismiss  .     (no cloak)
rCorr  +         Reflect  .     (no gloves)
SustAt .         Harm     .     (no boots)
MR     +....     NoTele   +     (no amulet)
Stlth  .......... NoCast   +    B - +6 ring of intelligence
                                A - +6 ring of intelligence

@: lethally poisoned (-11 -> -35), somewhat resistant to hostile enchantments,
extremely unstealthy
A: no striking features
a: Renounce Religion


You were in the Dungeon.
You worshipped Vehumet.
Vehumet was noncommittal.
You were hungry.

You visited 1 branch

Inventory:

Hand Weapons
 I - the +6 Majin-Bo (weapon) {vamp, Archmagi MP+6 Int+6}
   (You found it in the Dungeon)

   It inflicts no extra harm, but heals its wielder somewhat when it strikes a
   living foe.
   It affects your intelligence (+6).
   It affects your magic capacity (+6).
Armour
 a - a +0 robe
 J - the +15 Maxwell's patent armour (worn) {-Cast -Tele rElec MR+ rCorr}
   (You found it in the Dungeon)

   It insulates you from electricity.
   It affects your resistance to hostile enchantments.
   It prevents spellcasting.
   It prevents most forms of teleportation.
   It protects you from acid and corrosion.
Jewellery
 y - a +6 ring of dexterity
 z - a +6 ring of dexterity
 A - a +6 ring of intelligence (left hand)
 B - a +6 ring of intelligence (right hand)
 C - a +6 ring of strength
 D - a +6 ring of strength
Wands
 E - a wand of disintegration (4/24)
 F - a wand of iceblast (4/15)
 G - a wand of lightning (5/15)
 H - a wand of acid (3/15)
Scrolls
 i - 4 scrolls of blinking
 p - 4 scrolls of amnesia
 q - 3 scrolls of recharging
 r - 6 scrolls of fog
 s - a scroll of holy word
 t - 5 scrolls of identify
 u - 5 scrolls of remove curse
 v - 2 scrolls of fear
Potions
 d - 10 potions of curing
 e - 7 potions of heal wounds
 f - 6 potions of haste
 g - 7 potions of magic
 h - 3 potions of berserk rage
 j - 2 potions of brilliance
 k - 2 potions of invisibility
 l - 4 potions of resistance
 n - 5 potions of agility
 o - 5 potions of might
Books
 b - a book of Flames

   Spells                             Type                      Level
   a - Flame Tongue                   Conjuration/Fire             1
   b - Throw Flame                    Conjuration/Fire             2
   c - Conjure Flame                  Conjuration/Fire             3
   d - Inner Flame                    Hexes/Fire                   3
   e - Sticky Flame                   Conjuration/Fire             4
   f - Fireball                       Conjuration/Fire             5
Comestibles
 c - 5 bread rations
 w - 40 fruits
 x - 4 meat rations


   Skills:
 - Level 2.1 Dodging
 - Level 2.1 Stealth
 + Level 3.2 Spellcasting
 + Level 2.4 Conjurations
 - Level 3.0 Fire Magic
 - Level 7.3 Evocations


You had 6 spell levels left.
You knew the following spells:

 Your Spells              Type           Power        Failure   Level  Hunger
a - Flame Tongue          Conj/Fire      #####        100%        1    None


Dungeon Overview and Level Annotations

Branches:
Dungeon (1/1)

Altars:
Ashenzari
Cheibriados
Dithmenos
Elyvilon
Fedhas
Gozag
Kikubaaqudgha
Makhleb
Nemelex Xobeh
Okawaru
Pakellas
Qazlal
Ru
Sif Muna
Trog
Vehumet
Xom
Yredelemnul
Zin
The Shining One
Beogh
Jiyva
Lugonu


Message History

The bolt of lightning hits the halberd of venom.
The halberd of venom completely resists.
The bolt of lightning hits you! You resist.
Ouch! That really hurt!
* * * LOW HITPOINT WARNING * * *
The bolt of lightning hits you! You resist.
* * * LOW HITPOINT WARNING * * *
The bolt of lightning misses the halberd of venom.
The halberd of venom hits you but does no damage.
Drink which item? (? for menu, Esc to quit)
You feel much better.
You feel sick.
The halberd of venom hits you from afar.
Unknown command.
Read which item? (? for menu, Esc to quit)
Read which item? (? for menu, Esc to quit)
As you read the scroll of fog, it crumbles to dust.
The scroll dissolves into smoke.
You feel sick.
The halberd of venom hits you from afar!!
Ouch! That really hurt!
You die...

▓▓▓▓▓▓▓▓▓▓▓▓▓
▓.8©8.▓.8©8.▓
▓.})).▓.....▓
▓.....▓.|.).▓
▓...e.▓.....▓
▓§§(e§▓.....▓
▓§§§§§▓.....▓
▓.§@§§▓▓▓▓▓▓▓
▓▓▓▓▓▓▓


You could see a deep elf mage and a halberd of venom.

Vanquished Creatures
  2 white imps (D)
2 creatures vanquished.

Notes
Turn   | Place    | Note
--------------------------------------------------------------
     0 | D        | Ponchio the High Elf Fire Elementalist began the quest for the Orb.
     0 | D        | Reached XP level 1. HP: 11/11 MP: 4/4
     0 | D        | Found a viscous altar of Jiyva.
     0 | D        | Found a roughly hewn altar of Beogh.
     0 | D        | Found a corrupted altar of Lugonu.
     0 | D        | Found a white marble altar of Elyvilon.
     0 | D        | Found a sparkling altar of Nemelex Xobeh.
     1 | D        | Found a burning altar of Makhleb.
     1 | D        | Found an iron altar of Okawaru.
     1 | D        | Found a deep blue altar of Sif Muna.
     1 | D        | Found a radiant altar of Vehumet.
     1 | D        | Found a bloodstained altar of Trog.
     1 | D        | Found a shimmering altar of Xom.
    29 | D        | Became a worshipper of Vehumet
    50 | D        | Reached skill level 7 in Evocations
    50 | D        | Reached XP level 2. HP: 17/17 MP: 4/7
   116 | D        | Entered arena 1.
   198 | D        | Entered arena 2.
   198 | D        | Noticed a deep elf mage
   198 | D        | Noticed a deep elf mage
   198 | D        | Noticed a halberd of venom
   204 | D        | Mangled by a halberd of venom

Skill      XL: |  1  2 |
---------------+-------+-----
Evocations     | 7 |  7.3
Spellcasting   | 3 |  3.2
Conjurations   | 2 |  2.4
Dodging        | |  2.1
Stealth        | |  2.1
Fire Magic     | |  3.0

Action                   || total
-------------------------++-------
Melee: Quarterstaff      ||     1
Evoke: Wand              ||     6
  Use: Potion            ||     4
       Scroll            ||     1
  Eat: Fruit             ||     2
Armor: Plate armour      ||     4
